 Dungeon Crawl Stone Soup version 0.17.0-18-gaab0e96 (webtiles) character file.

22425 ololoev the Severer (level 13, -2/114 HPs)
             Began as a Hill Orc Berserker on Nov 11, 2015.
             Was an Elder of Trog.
             Slain by a deep elf knight (10 damage)
             ... on level 3 of the Orcish Mines.
             The game lasted 00:59:37 (7389 turns).

ololoev the Severer (Hill Orc Berserker)            Turns: 7389, Time: 00:59:37

Health: -2/114     AC: 17    Str: 25    XL:     13   Next: 0%
Magic:  13/13      EV:  8    Int:  7    God:    Trog [****..]
Gold:   1132       SH:  0    Dex: 10    Spells: 0 memorised, 12 levels left

rFire  + . .     SeeInvis .     a - +0 battleaxe
rCold  + . .     Clarity  .     E - +3 plate armour {rC+}
rNeg   + . .     SustAt   .     (shield currently unavailable)
rPois  .         Gourm    .     (no helmet)
rElec  .         Spirit   .     (no cloak)
rCorr  +         Warding  .     (no gloves)
rMut   .         Stasis   .     (no boots)
MR     .....                    p - amulet of resist corrosion
Stlth  ..........               K - ring of protection from fire
                                v - ring of positive energy

@: exhausted, slowed, very slow, not resistant to hostile enchantments,
extremely unstealthy
A: no striking features
a: Berserk, Trog's Hand, Brothers in Arms, Burn Spellbooks, Renounce Religion

Inventory:

Hand Weapons
 a - a +0 battleaxe (weapon)
 b - a +4 blowgun
Missiles
 d - 7 needles of sleeping
 n - 6 poisoned javelins (quivered)
 o - 5 curare-tipped needles
Armour
 E - a +3 plate armour of cold resistance (worn)
 G - a troll hide
Jewellery
 p - an amulet of resist corrosion (around neck)
 v - a ring of positive energy (left hand)
 K - a ring of protection from fire (right hand)
Wands
 g - a wand of slowing (28)
 x - a wand of confusion (40)
 F - a wand of fireball (9)
Scrolls
 f - 8 scrolls of remove curse
 h - a scroll of enchant weapon {unknown}
 i - 2 scrolls of recharging
 u - a scroll of fog
 w - a scroll of enchant armour {unknown}
 y - a scroll of blinking {unknown}
 A - 5 scrolls of teleportation
 H - a scroll of noise {unknown}
 L - a scroll of vulnerability {unknown}
Potions
 e - 2 potions of might {unknown}
 k - a potion of invisibility {unknown}
 m - 3 potions of ambrosia {unknown}
 r - 2 potions of curing
 s - a potion of berserk rage
 t - a potion of resistance {unknown}
 z - a potion of cancellation {unknown}
 C - a potion of brilliance {unknown}
 D - 3 potions of lignification {unknown}
 J - a potion of heal wounds {unknown}
Comestibles
 c - 8 bread rations
 j - 4 chunks of flesh
 B - 3 fruits


   Skills:
 + Level 10.3 Fighting
 * Level 19.9 Axes
 + Level 5.8 Throwing
 + Level 9.4 Armour
 - Level 2.0 Dodging


You had 12 spell levels left.
You didn't know any spells.


You were on level 3 of the Orcish Mines.
You worshipped Trog.
Trog was greatly pleased with you.
You were near starving.

You visited 4 branches of the dungeon, and saw 17 of its levels.
You also visited: Ossuary.

You collected 1450 gold pieces.
You spent 318 gold pieces at shops.

###.......≈#
##### ####....##
#.#.## ###..#
.....# #...#
##...#
###..####....##
#...(#.##....*#
##..)........##
##.....)[e...####
#....()[@e..#...
##....)..e......
#.......*......#
#..........#####
#.......><....##
##.#.#..........
##...#.......#.
#.............
##............

Notes
Turn   | Place    | Note
--------------------------------------------------------------
     0 | D:1      | ololoev the Hill Orc Berserker began the quest for the Orb.
     0 | D:1      | Reached XP level 1. HP: 19/19 MP: 1/1
   106 | D:2      | Reached XP level 2. HP: 27/27 MP: 2/2
   132 | D:2      | Found a glowing golden altar of the Shining One.
   229 | D:2      | Reached XP level 3. HP: 31/33 MP: 3/3
   304 | D:3      | Reached ** piety under Trog
   352 | D:3      | Reached XP level 4. HP: 41/41 MP: 4/4
   395 | D:4      | Noticed ventricule's ghost (amateur TeAM)
   484 | D:2      | Reached skill level 5 in Axes
   761 | D:5      | Entered Level 5 of the Dungeon
   863 | D:5      | Noticed a centaur
   874 | D:5      | Killed a centaur
   874 | D:5      | Reached skill level 6 in Axes
   874 | D:5      | Reached XP level 5. HP: 19/47 MP: 5/5
   944 | D:5      | Noticed an orc warrior
   978 | D:5      | Killed an orc warrior
   978 | D:5      | Reached skill level 5 in Fighting
   978 | D:5      | Reached XP level 6. HP: 54/56 MP: 6/6
  1119 | D:5      | Noticed an ice beast
  1126 | D:5      | Killed an ice beast
  1126 | D:5      | Reached skill level 7 in Axes
  1176 | D:5      | Found a sand-covered staircase.
  1181 | Ossuary  | Entered an ossuary
  1273 | Ossuary  | Reached XP level 7. HP: 61/61 MP: 7/7
  1478 | D:5      | Noticed a yak
  1486 | D:5      | Killed a yak
  1486 | D:5      | Reached skill level 8 in Axes
  1547 | D:5      | Found a shattered altar of Ashenzari.
  1612 | D:6      | Noticed Dowan
  1632 | D:6      | Noticed Edmund
  1653 | D:6      | Noticed Duvessa
  1653 | D:6      | Noticed Sigmund
  1661 | D:6      | Killed Sigmund
  1661 | D:6      | Reached skill level 5 in Armour
  1661 | D:6      | Reached XP level 8. HP: 70/70 MP: 8/8
  1663 | D:6      | Killed Duvessa
  1663 | D:6      | Reached skill level 9 in Axes
  1665 | D:6      | Killed Dowan
  1708 | D:6      | Found a white marble altar of Elyvilon.
  1733 | D:6      | Found a staircase to the Ecumenical Temple.
  1738 | Temple   | Entered the Ecumenical Temple
  2119 | D:8      | Reached skill level 10 in Axes
  2344 | D:7      | Found a basalt altar of Yredelemnul.
  2344 | D:7      | Found a burning altar of Makhleb.
  2344 | D:7      | Found a snail-covered altar of Cheibriados.
  2344 | D:7      | Found a bloodstained altar of Trog.
  2347 | D:7      | Found a deep blue altar of Sif Muna.
  2372 | D:8      | You fall through a shaft!
  2372 | D:9      | Noticed a centaur warrior
  2381 | D:9      | Noticed a skeletal warrior
  2382 | D:9      | Killed a centaur warrior
  2382 | D:9      | Reached skill level 12 in Axes
  2382 | D:9      | Reached XP level 9. HP: 16/78 MP: 9/9
  2412 | D:9      | Killed a skeletal warrior
  2412 | D:9      | Reached skill level 13 in Axes
  2449 | D:9      | Noticed a griffon
  2462 | D:9      | Killed a griffon
  2462 | D:9      | Reached skill level 14 in Axes
  2535 | D:9      | Noticed a two-headed ogre
  2549 | D:9      | Killed a two-headed ogre
  2549 | D:9      | Reached skill level 15 in Axes
  2595 | D:9      | Reached XP level 10. HP: 73/84 MP: 10/10
  2661 | D:10     | Entered Level 10 of the Dungeon
  2821 | D:8      | Found a staircase to the Lair.
  2897 | D:9      | Noticed a skeletal warrior
  2917 | D:9      | Killed a skeletal warrior
  2917 | D:9      | Reached skill level 16 in Axes
  3079 | D:9      | Noticed Prince Ribbit
  3101 | D:9      | Killed Prince Ribbit
  3146 | D:10     | Noticed Erolcha
  3154 | D:10     | Killed Erolcha
  3154 | D:10     | Reached skill level 17 in Axes
  3191 | D:9      | Noticed a skeletal warrior
  3223 | D:11     | Noticed Snorg
  3286 | D:11     | Killed Snorg
  3286 | D:11     | Reached skill level 1 in Throwing
  3286 | D:11     | Reached XP level 11. HP: 79/92 MP: 11/11
  3326 | D:10     | Noticed a hill giant
  3343 | D:10     | Killed a hill giant
  3589 | D:10     | Reached skill level 18 in Axes
  3594 | D:10     | Reached *** piety under Trog
  3797 | D:10     | Noticed a centaur warrior
  3810 | D:10     | Killed a centaur warrior
  3940 | D:10     | Found a sparkling altar of Nemelex Xobeh.
  4124 | D:11     | Noticed a cyclops
  4131 | D:11     | Killed a cyclops
  4249 | D:11     | Found a basalt altar of Yredelemnul.
  4398 | D:11     | Noticed a hill giant
  4400 | D:11     | Noticed a hill giant
  4414 | D:11     | Killed a hill giant
  4419 | D:11     | Killed a hill giant
  4670 | D:11     | Received a gift from Trog
  4770 | D:11     | Noticed a hill giant
  4777 | D:11     | Killed a hill giant
  4854 | D:12     | Reached XP level 12. HP: 103/103 MP: 12/12
  4862 | D:12     | Reached skill level 19 in Axes
  5184 | D:12     | Noticed a hill giant
  5190 | D:12     | Killed a hill giant
  5375 | D:9      | Killed a skeletal warrior
  5395 | D:9      | Reached **** piety under Trog
  5838 | D:9      | Received a gift from Trog
  6144 | D:9      | Found a staircase to the Orcish Mines.
  6160 | Orc:1    | Entered Level 1 of the Orcish Mines
  6367 | Orc:1    | Found Qajiutod's General Store.
  6375 | Orc:1    | Bought a +4 blowgun for 318 gold pieces
  6439 | Orc:2    | Noticed Rupert
  6644 | Orc:2    | Killed Rupert
  6644 | Orc:2    | Reached skill level 5 in Throwing
  6673 | Orc:2    | Received a gift from Trog
  6758 | Orc:2    | Found a bloodstained altar of Trog.
  6763 | Orc:2    | Noticed Sonja
  7031 | Orc:3    | Received a gift from Trog
  7060 | Orc:3    | Found Jauv's Book Shop.
  7159 | Orc:3    | Noticed an orc warlord
  7182 | Orc:3    | Reached skill level 10 in Fighting
  7184 | Orc:3    | Killed an orc warlord
  7307 | Orc:3    | Found a staircase to the Elven Halls.
  7344 | Elf:1    | Entered Level 1 of the Elven Halls
  7378 | Elf:1    | Reached XP level 13. HP: 21/114 MP: 13/13
  7381 | Elf:1    | HP: 3/114 [deep elf mage/orb of energy (29)]
  7381 | Elf:1    | HP: 1/114 [battlesphere[a deep elf mage] (2)]
  7388 | Orc:3    | HP: 3/114 [battlesphere[a deep elf mage] (15)]
  7389 | Orc:3    | Slain by a deep elf knight

Dungeon Overview and Level Annotations

Branches:
Dungeon (12/15)            Temple (1/1) D:6            Lair (0/8) D:8
    Orc (3/4) D:9             Elf (1/3) Orc:3

Altars:
Ashenzari
Cheibriados
Dithmenos
Elyvilon
Fedhas
Gozag
Kikubaaqudgha
Makhleb
Nemelex Xobeh
Okawaru
Qazlal
Ru
Sif Muna
Trog
Vehumet
Xom
Yredelemnul
Zin
The Shining One

Shops:
Orc:1 *   Orc:3 :

Annotations:
D:4 ventricule's ghost, amateur TeAM
D:6 Edmund
Orc:2 Sonja


Message History

Something hits you but does no damage.
The deep elf mage mumbles some strange words.
There is a staircase back to the Mines, spattered with blood here.
The deep elf summoner casts a spell.
The deep elf summoner blinks!
The deep elf mage barely misses you. Something hits you but does no damage.
The deep elf mage hits you but does no damage.
The ice beast hits you but does no damage.
The deep elf knight hits you.
The deep elf fighter casts a spell.
The deep elf fighter seems to speed up.
The deep elf summoner mumbles some strange words.
The deep elf summoner blinks!
The deep elf mage hits you but does no damage.
You climb upwards.
Welcome back to the Orcish Mines!
The battlesphere dissipates. x2
There is a staircase to the Elven Halls here.
Drink which item? (? for menu, Esc to quit)
You feel better. Something hits you. The deep elf mage barely misses you.
The deep elf knight hits you but does no damage.
Something hits you but does no damage.
The deep elf mage hits you but does no damage.
The deep elf mage casts a spell.
The deep elf mage conjures a globe of magical energy!
The deep elf knight hits you!
Drink which item? (? for menu, Esc to quit)
You feel better. Something hits you.
The deep elf mage gestures at you while chanting.
The magic dart hits you!
The battlesphere fires!
The barrage of energy hits you!
The deep elf mage casts a spell.
The deep elf mage conjures a globe of magical energy!
You hear some strange, mumbled words.
A puff of flame appears from out of thin air!
The puff of flame hits you! You resist. The deep elf knight barely misses you.
Drink which item? (? for menu, Esc to quit)
You feel better. Something hits you but does no damage.
The deep elf mage hits you but does no damage. x2
The deep elf knight hits you!
You die...

You could see a deep elf knight and 2 deep elf magi.

Vanquished Creatures
  Rupert (Orc:2)
  Snorg (D:11)
  Erolcha (D:10)
  2 centaur warriors
  A deep elf knight (Elf:1)
  3 skeletal warriors (D:9)
  5 hill giants
  An orc sorcerer (Orc:3)
  A cyclops (D:11)
  A griffon (D:9)
  A kobold demonologist (D:11)
  A two-headed ogre (D:9)
  4 trolls
  Prince Ribbit (D:9)
  Sigmund (D:6)
  2 shadows (D:11)
  12 yaks
  4 deep elf magi
  A hippogriff (D:10)
  2 hungry ghosts
  2 water moccasins
  Duvessa (D:6)
  20 orc warriors
  A sky beast (D:10)
  An ogre (Orc:2)
  A phantom (D:11)
  3 centaurs
  3 ice beasts
  2 eyes of draining
  A necrophage (D:12)
  3 giant frogs
  A wyvern zombie (D:9)
  Dowan (D:6)
  11 killer bees
  2 scorpions
  A wyvern skeleton (D:12)
  4 wights (D:11)
  5 crimson imps
  A centaur zombie (D:12)
  3 giant frog zombies
  A jelly (D:10)
  11 orc priests
  A centaur skeleton (D:12)
  2 hounds
  2 giant frog skeletons
  16 orc wizards
  3 worker ants
  A hound zombie (D:9)
  8 mummies (Ossuary)
  4 worker ant zombies
  6 adders
  2 shadow imps
  A worm (D:2)
  5 giant geckos
  106 orcs
  5 giant cockroaches
  2 gnoll zombies (Ossuary)
  3 goblins
  3 hobgoblins
  2 quokkas
  2 bats
  2 giant newts
  2 hobgoblin zombies (Ossuary)
  4 jackals
  4 kobolds (D:2)
  2 kobold zombies (Ossuary)
  2 orc zombies (Ossuary)
  3 rats
  2 fungi (D:8)
320 creatures vanquished.

Vanquished Creatures (collateral kills)
  An orc warlord (Orc:3)
  An orc knight (Orc:3)
  A warg (Orc:3)
  An orc priest (Orc:3)
  An orc wizard (Orc:3)
  11 orcs
16 creatures vanquished.

Vanquished Creatures (others)
  A deep elf mage (Elf:1)
  An adder (D:10)
2 creatures vanquished.

Grand Total: 338 creatures vanquished

Action                   |  1- 3 |  4- 6 |  7- 9 | 10-12 | 13-15 || total
-------------------------+-------+-------+-------+-------+-------++-------
Melee: Hand axe          |    47 |    72 |       |       |       ||   119
       War axe           |       |    32 |    50 |       |       ||    82
       Battleaxe         |       |       |    79 |   579 |       ||   658
Invok: Berserk           |     5 |     7 |     7 |    32 |       ||    51
       Trog's Hand       |     1 |     3 |     4 |    15 |       ||    23
       Burn Spellbooks   |       |       |     1 |     2 |       ||     3
       Brothers in Arms  |       |       |       |     3 |       ||     3
Evoke: Wand              |       |     2 |       |       |       ||     2
  Use: Scroll            |       |     4 |     5 |     7 |       ||    16
       Potion            |       |     1 |     1 |     6 |     6 ||    14
 Stab: Sleeping          |     1 |       |       |       |       ||     1
       Distracted        |       |       |       |     1 |       ||     1
  Eat: Chunk             |     2 |    10 |     7 |    40 |       ||    59
       Royal jelly       |       |     1 |       |       |       ||     1
       Meat ration       |       |       |     1 |     3 |       ||     4
       Fruit             |       |       |       |     1 |       ||     1
       Pizza             |       |       |       |     1 |       ||     1

Vault maps used:
D:1:      dpeg_arrival_ternary
D:2:      lemuel_doored_altar, first_bread
D:3:      trog_butcher_becter
D:5:      kennysheep_big_flooded_room, enter_ossuary_5, basic_altar
D:6:      kennysheep_mini_moat, temple_statues, uniq_edmund, uniq_duvessa,
          uniq_sigmund
D:7:      nicolae_overflow_hidden_temple, kennysheep_small_circle
D:8:      dpeg_oklobed_lair, basic_altar
D:9:      david_orc_4, uniq_prince_ribbit1
D:10:     basic_altar, uniq_erolcha
D:11:     basic_altar, uniq_snorg
Temple:   oiseaux_autumnal_temple_12
Orc:1:    serial_shops, shop
Orc:2:    basic_altar, uniq_rupert, uniq_sonja
Orc:3:    serial_shops, shop, nicolae_orc_pool_cavern
Elf:1:    minmay_elf_arrival_summoners, enter_trove_0, uniq_roxanne
Ossuary:  ossuary_tomb_3
